 Dungeon Crawl Stone Soup version 0.26.1-11-gd32895ea62 (webtiles) character file.

Game seed: 14566828158424560239

21 Descartes the Ducker (level 2, 0/14 HPs)
             Began as a Felid Chaos Knight on May 29, 2021.
             Was a Plaything of Xom.
             Slain by an adder (5 damage)
             ... on level 2 of the Dungeon.
             The game lasted 00:01:16 (945 turns).

Descartes the Ducker (Felid Chaos Knight)            Turns: 945, Time: 00:01:17

Health: 0/14       AC:  1    Str:  8    XL:     2   Next: 65%
Magic:  3/3        EV: 18    Int: 13    God:    Xom [...*..]
Gold:   66         SH:  0    Dex: 15    Spells: 1/1 levels left
                                        Lives:  0   Deaths: 0

rFire    . . .     SeeInvis +     - Unarmed
rCold    . . .     Faith    .   (shield unavailable)
rNeg     . . .     Spirit   .   (armour unavailable)
rPois    .         Reflect  .   (helmet unavailable)
rElec    .         Harm     .   (cloak unavailable)
rCorr    .         Rampage  .   (gloves unavailable)
Will     .....                  (boots unavailable)
Stlth    ++........             (no amulet)
HPRegen  0.04/turn              (no ring)
MPRegen  0.08/turn              (no ring)

@: lethally poisoned (0 -> -6), quick
A: very small, no armour, no weapons or thrown items, stealth, claws 1, fangs 3,
see invisible, speed 1, shaggy fur 1, sharp paws
a: Renounce Religion


You were on level 2 of the Dungeon.
You worshipped Xom.
You were a favourite toy of Xom.
You visited 1 branch of the dungeon, and saw 2 of its levels.

You collected 66 gold pieces.

Inventory:

Scrolls
 a - a scroll of fog {unknown}
Potions
 b - 2 potions of curing {unknown}


   Skills:
 + Level 3.2 Fighting
 + Level 3.5 Dodging
 + Level 1.3 Stealth
 * Level 3.4 Unarmed Combat


You had one spell level left.
You didn't know any spells.
Your spell library was empty.

Dungeon Overview and Level Annotations

Branches:
Dungeon (2/15)

Altars:


Innate Abilities, Weirdness & Mutations

You cannot wear armour.
You are incapable of wielding weapons or throwing items.
Your paws allow you to move quietly. (Stealth)
You have sharp claws.
You have razor-sharp teeth.
You have supernaturally acute eyesight. (SInv)
You cover ground quickly.
You are covered in fur. (AC +1)
Your sharp claws are effective at attacking unaware monsters.


Message History

The quokka is severely wounded.
The quokka misses you.
You scratch the quokka.
You kill the quokka!
The bat hits you. The hobgoblin barely misses you.
An adder comes into view.
You barely miss the hobgoblin. The bat barely misses you. x3
The hobgoblin closely misses you.
You barely miss the adder. The adder bites you.
You are poisoned.
The adder poisons you!
You barely miss the adder.
You feel sick. The adder bites you.
You scratch the adder.
The adder is lightly wounded.
The adder completely misses you.
You scratch the adder. You bite the adder.
The adder is heavily wounded.
The adder bites you.
You die...
Xom titters!

#.#.#### #.# .# #.#.# #.#
..# #.# # #.# ## # ... #.#
# ...## ###.### ### ....##
#.....# .. .....## #.###.#
.# ......###.#
#†#####K###... ......'...#
#...@Sbg......
......###.....#####S###...
.....###........ .# ....##
#.###.##. .# ...## #. #.#
.# .. #+## .. ... # ## ..
#.. # #.#


You could see 2 adders, a hobgoblin, a bat and a kobold.

Vanquished Creatures
  An ooze (D:2)
  A giant cockroach (D:2)
  4 hobgoblins
  A quokka (D:2)
  2 bats
  A frilled lizard (D:1)
  3 goblins (D:1)
  3 rats
16 creatures vanquished.

Notes
Turn   | Place    | Note
-------+----------+-------------------------------------------
     0 | D:1      | Descartes the Felid Chaos Knight began the quest for the
                  | Orb.
     0 | D:1      | Reached XP level 1. HP: 10/10 MP: 2/2
   105 | D:1      | XOM: silly message
   305 | D:1      | XOM: cloud trail
   665 | D:1      | Reached XP level 2. HP: 14/14 MP: 3/3
   688 | D:2      | Reached skill level 1 in Stealth
   817 | D:2      | XOM: silly message
   840 | D:2      | XOM is BORED!
   840 | D:2      | XOM: 3-stop teleportation journey
   945 | D:2      | Slain by an adder

Illustrated notes

Levels and vault maps discovered:
D:1:      dpeg_arrival_rooms_c, layout_basic, minmay_3d_cube
D:2:      layout_loops_corners, chequers_avenue, minmay_misc_feat_cross,
          xom_redecorated

Skill      XL: |  1  2 |
---------------+-------+-----
Stealth        | 1 |  1.3
Fighting       | |  3.2
Dodging        | |  3.5
Unarmed Combat | |  3.4

Action                   || total
-------------------------++-------
Melee: Unarmed           ||    46
       Bite              ||     4
 Stab: Sleeping          ||     5
Armor: Skin              ||     3
Dodge: Dodged            ||    32
